 Dungeon Crawl Stone Soup version 0.30.0-29-ga12c61a403 (webtiles) character file.

Game seed: 806477910033509303

15 Graphine the Grave Robber (level 2, -7/20 HPs)
             Began as a Human Necromancer on June 22, 2023.
             Mangled by Sigmund
             ... wielding a +0 scythe
              (16 damage)
             ... on level 2 of the Dungeon.
             The game lasted 00:02:44 (547 turns).

Graphine the Grave Robber (Human Necromancer)        Turns: 547, Time: 00:02:44

Health: -7/20      AC:  7    Str:  8    XL:     2   Next: 65%
Magic:  5/5        EV: 10    Int: 15    God:
Gold:   44         SH:  0    Dex: 13    Spells: 4/5 levels left

rFire   . . .        f - +0 mace
rCold   . . .        (no shield)
rNeg    . . .        i - +1 ring mail
rPois   .            (no helmet)
rElec   .            (no cloak)
rCorr   .            k - +0 pair of gloves
SInv    .            (no boots)
Will    .....        (no amulet) Stlth
                     (no ring)
HPRegen 0.23/turn    (no ring)
MPRegen 0.09/turn

%: no passive effects
@: confused, ambrosia-drunk
A: no striking features
a: no special abilities


You were on level 2 of the Dungeon.
You visited 1 branch of the dungeon, and saw 2 of its levels.

You collected 44 gold pieces.

Inventory:

Hand Weapons
 f - a +0 mace (weapon)
Armour
 a - a +0 robe
 i - a +1 ring mail (worn)
 k - a +0 pair of gloves (worn)
Potions
 b - a potion of magic
 h - a potion of invisibility
 m - a potion of attraction {unknown}


   Skills:
 + Level 0.5 Fighting
 + Level 0.3 Maces & Flails
 + Level 0.2 Armour
 + Level 2.1 Dodging
 - Level 2.0 Stealth
 + Level 2.1 Spellcasting
 * Level 4.2 Necromancy


You had 4 spell levels left.
You knew the following spells:

 Your Spells              Type           Power      Damage    Failure   Level
a - Necrotise             Necr           56%        1d6       12%         1

Your spell library contained the following spells:

 Spells                   Type           Power      Damage    Failure   Level
 Vampiric Draining        Necr           14%        2d7       34%         3
 Animate Dead             Necr           14%        N/A       75%         4
 Agony                    Necr           14%        N/A       97%         5


Dungeon Overview and Level Annotations

Branches:
Dungeon (2/15)

Altars:

Annotations:
D:2 Sigmund


Message History

Aiming: Necrotise (safe; 12% risk of failure)
Press: ? - help, Shift-Dir - straight line, f/p - Sigmund
Aim: Sigmund, wielding a +0 scythe and wearing a +0 robe (lightly wounded, chance to affect: 78%) Sigmund writhes in agony.
Casting: Necrotise (safe; 12% risk of failure)
Confirm with . or Enter, or press ? or * to list all spells.
Aiming: Necrotise (safe; 12% risk of failure)
Press: ? - help, Shift-Dir - straight line, f/p - Sigmund
Aim: Sigmund, wielding a +0 scythe and wearing a +0 robe (lightly wounded, chance to affect: 78%) Sigmund writhes in agony.
Sigmund closely misses you.
Sigmund points at you and mumbles some strange words.
You are confused.
You're too confused to cast spells.
Unknown command.
You're too confused to cast spells.
Unknown command.
You bump into the rock wall.
Sigmund mumbles some strange words.
Sigmund flickers and vanishes!
Deactivating autopickup; reactivate with Ctrl-A.
You're too confused to cast spells.
You bump into the rock wall.
You bump into the rock wall.
You feel less confused. Something hits you.
You miss something. Something hits you.
You barely miss something. Something hits you.
* * * LOW HITPOINT WARNING * * *
You are confused.
You feel invigorated.
You hear some strange, mumbled words.
You are more confused.
You closely miss something. Something hits you!
Ouch! That really hurt!
* * * LOW HITPOINT WARNING * * *
Okay, then.
You bump into the rock wall.
Something hits you but does no damage.
You bump into the rock wall.
Something hits you!
Ouch! That really hurt!
You die...

.......<.......#
.########...#.##
###{## # #...#
.#######.###
........#..#
.#######.#.#
#.#†# #@#.#
#.#.# #.#.#
#.#.. #.### #.#
#.# ... ###


There were no monsters in sight!

Vanquished Creatures
  An endoplasm (D:1)
  2 hobgoblins
  3 jackals (D:1)
  2 ball pythons (D:1)
  A bat (D:1)
  2 frilled lizards (D:1)
  3 rats (D:1)
14 creatures vanquished.

Vanquished Creatures (collateral kills)
  A jackal (D:1)
1 creature vanquished.

Grand Total: 15 creatures vanquished

Notes
Turn   | Place    | Note
-------+----------+-------------------------------------------
     0 | D:1      | Graphine the Human Necromancer began the quest for the Orb.
     0 | D:1      | Reached XP level 1. HP: 13/13 MP: 3/3
   157 | D:1      | Reached XP level 2. HP: 7/19 MP: 1/5
   526 | D:2      | Noticed Sigmund
   545 | D:2      | HP: 1/20 [something (16)]
   547 | D:2      | Mangled by Sigmund

Illustrated notes

Levels and vault maps discovered:
D:1:      dpeg_arrival_long_road, layout_rooms, minivault_27, st_stairs_14
D:2:      layout_loops_ring, minivault_24, minmay_circle_x, uniq_sigmund

Action                     || total
---------------------------++-------
  Melee: Mace              ||    36
   Cast: Necrotise         ||     7
    Use: Scroll            ||     8
         Potion            ||     1
   Stab: Sleeping          ||     2
 Armour: Ring mail         ||    29
         Robe              ||     2
  Dodge: Dodged            ||    29
